 Dungeon Crawl Stone Soup version 0.17-a0-2055-gb4e23be (webtiles) character file.

100 Shim the Ducker (level 4, -4/30 HPs)
             Began as a High Elf Gladiator on Oct 11, 2015.
             Slain by Crazy Yiuf
             ... wielding a +2 quarterstaff of chaos
              (10 damage)
             ... on level 2 of the Dungeon.
             The game lasted 00:10:48 (2405 turns).

Shim the Ducker (High Elf Gladiator)                Turns: 2405, Time: 00:10:48

Health: -4/30      AC:  4    Str: 14    XL:     4   Next: 47%
Magic:  0/5        EV: 14    Int: 12    God:
Gold:   84         SH:  0    Dex: 16    Spells: 0 memorised, 3 levels left

rFire  . . .     SeeInvis .     o - +3 dagger
rCold  . . .     Clarity  .     b - +0 leather armour
rNeg   . . .     SustAt   .     (no shield)
rPois  .         Gourm    .     c - +0 helmet
rElec  .         Spirit   .     (no cloak)
rCorr  .         Warding  .     (no gloves)
rMut   .         Stasis   .     (no boots)
MR     .....                    (no amulet)
Stlth  ++........               (no ring)
                                (no ring)

@: not resistant to hostile enchantments, unstealthy
A: no striking features
a: no special abilities


You were on level 2 of the Dungeon.
You were not hungry.

You visited 1 branch of the dungeon, and saw 2 of its levels.

You collected 84 gold pieces.

Inventory:

Hand Weapons
 a - a +0 rapier
 o - a +3 dagger (weapon)
Missiles
 g - 49 stones (quivered)
Armour
 b - a +0 leather armour (worn)
 c - a +0 helmet (worn)
Scrolls
 f - a scroll of amnesia {unknown}
 h - a scroll of noise {unknown}
 i - 2 scrolls of magic mapping {unknown}
 n - a scroll of enchant armour {unknown}
 p - a scroll of fear {unknown}
Potions
 m - a potion of curing {unknown}
Comestibles
 e - 2 bread rations
 j - a royal jelly


   Skills:
 + Level 2.3 Fighting
 + Level 4.2 Short Blades
 + Level 2.1 Throwing
 + Level 1.2 Armour
 + Level 4.5 Dodging
 * Level 1.2 Stealth


You had 3 spell levels left.
You didn't know any spells.

Dungeon Overview and Level Annotations

Branches:
Dungeon (2/15)

Altars:
Sif Muna
Trog
Yredelemnul

Annotations:
D:2 Crazy Yiuf


Message History

Aim: Crazy Yiuf, wielding a quarterstaff of chaos and wearing a glowing cloak (lightly wounded)
You throw a throwing net.
The throwing net barely misses Crazy Yiuf.
You closely miss Crazy Yiuf.
Crazy Yiuf is lightly wounded.
Crazy Yiuf hits you with a quarterstaff of chaos!
You hit Crazy Yiuf but do no damage.
Crazy Yiuf is lightly wounded.
Crazy Yiuf hits you with a quarterstaff of chaos!
* * * LOW HITPOINT WARNING * * *
You feel your power leaking away.
You hit Crazy Yiuf.
Crazy Yiuf is moderately wounded.
You hit Crazy Yiuf.
Crazy Yiuf is moderately wounded.
Crazy Yiuf closely misses you.
You hit Crazy Yiuf.
Crazy Yiuf is heavily wounded.
Crazy Yiuf hits you with a quarterstaff of chaos!
You die...

#....#.#......(..#
#.####.#.<.....###
##.###..#.......####
#...#..##...........
#....####.......####
#....# #......(.#
♣PP♣.♣ #........#
♣♣PP.♣ #........##
♣♣@♣♣ #...#####..##
♣♣g♣ #### ##..# ♣.♣♣
#.#### ##.# ♣.♣
#....######.# .♣♣
####......... #g
#######... .. #....
#.. #.... #)( #....


You could see Crazy Yiuf.

Vanquished Creatures
  Ijyb (D:2)
  Jessica (D:2)
  2 oozes (D:2)
  A worm (D:2)
  3 giant geckos
  2 giant cockroaches (D:2)
  3 hobgoblins (D:1)
  6 bats
  4 giant newts
  4 goblins
  3 kobolds
  5 rats
  A fungus (D:2)
36 creatures vanquished.

Notes
Turn   | Place    | Note
--------------------------------------------------------------
     0 | D:1      | Shim the High Elf Gladiator began the quest for the Orb.
     0 | D:1      | Reached XP level 1. HP: 14/14 MP: 2/2
  1004 | D:1      | Reached XP level 2. HP: 19/19 MP: 3/3
  1196 | D:2      | Reached skill level 4 in Short Blades
  1319 | D:2      | Found a bloodstained altar of Trog.
  1319 | D:2      | Found a deep blue altar of Sif Muna.
  1329 | D:2      | Reached XP level 3. HP: 21/24 MP: 4/4
  1464 | D:2      | Found a basalt altar of Yredelemnul.
  1465 | D:2      | Noticed Jessica
  1579 | D:2      | Noticed Ijyb
  1800 | D:2      | Killed Ijyb
  1800 | D:2      | Reached skill level 1 in Armour
  1800 | D:2      | Reached skill level 1 in Stealth
  1800 | D:2      | Reached XP level 4. HP: 22/29 MP: 5/5
  1907 | D:2      | Killed Jessica
  2392 | D:2      | Noticed Crazy Yiuf
  2405 | D:2      | Slain by Crazy Yiuf

Vault maps used:
D:1:      dpeg_chamrin_arrival_tetris, serial_glass, glass_columns_a,
          glass_columns_a, grunt_decor_clamped, st_stairs_5
D:2:      lemuel_round_altar, grunt_temple_overflow_open, first_bread,
          yredelemnul_altar_generic, uniq_crazy_yiuf_cottage, uniq_iyjb,
          uniq_jessica

Action                   |  1- 3 |  4- 6 || total
-------------------------+-------+-------++-------
Melee: Rapier            |    50 |       ||    50
       Dagger            |    92 |    44 ||   136
Throw: Stone             |     7 |    14 ||    21
       Throwing net      |     3 |     6 ||     9
  Use: Scroll            |     1 |       ||     1
 Stab: Distracted        |     1 |       ||     1
       Held in net/web   |     1 |     1 ||     2
  Eat: Chunk             |     3 |     2 ||     5
